 Dungeon Crawl Stone Soup version 0.19-a0-700-gd2fa977 (webtiles) character file.

64 Ordine the Sneak (level 4, 0/42 HPs)
             Began as an Octopode Transmuter on June 19, 2016.
             Succumbed to an adder's poison
             ... on level 2 of the Dungeon.
             The game lasted 00:03:34 (1578 turns).

Ordine the Sneak (Octopode Transmuter)              Turns: 1578, Time: 00:03:35

Health: 0/42       AC:  1    Str: 14    XL:     4   Next: 12%
Magic:  7/7        EV: 12    Int: 16    God:
Gold:   21         SH:  0    Dex: 12    Spells: 1 memorised, 4 levels left

rFire  + . .     SeeInvis .       - Unarmed
rCold  . . .     Gourm    .     (no shield)
rNeg   + . .     Faith    .     (helmet restricted)
rPois  .         Spirit   .     (no amulet)
rElec  .         Dismiss  .     h - ring of protection from fire
rCorr  .         Reflect  .     n - ring of positive energy
SustAt .         Harm     .     (no ring)
MR     .....                    (no ring)
Stlth  ..........               (no ring)
                                (no ring)
                                (no ring)
                                (no ring)

@: berserking, lethally poisoned (0 -> -2), very slightly contaminated,
invisible, very quick, not resistant to hostile enchantments, extremely
unstealthy
A: almost no armour, amphibious, 8 rings, constrict 8, camouflage 1, gelatinous
body 1, evolution 1
a: no special abilities


You were on level 2 of the Dungeon.
You were not hungry.

You visited 1 branch of the dungeon, and saw 2 of its levels.

You collected 21 gold pieces.

Inventory:

Jewellery
 h - a ring of protection from fire (left tentacle)
 n - a ring of positive energy (right tentacle)
Scrolls
 d - 2 scrolls of remove curse
 e - 3 scrolls of amnesia
Books
 b - a book of Changes

   Spells                             Type                      Level
   a - Beastly Appendage              Transmutation                1
   b - Sticks to Snakes               Transmutation                2
   c - Spider Form                    Transmutation/Poison         3
   d - Ice Form                       Ice/Transmutation            4
   e - Blade Hands                    Transmutation                5
Comestibles
 a - a royal jelly
 c - 2 bread rations
 g - 3 fruits
 j - 2 meat rations


   Skills:
 - Level 1.0 Fighting
 - Level 2.0 Dodging
 + Level 4.4 Stealth
 - Level 3.0 Unarmed Combat
 - Level 2.0 Spellcasting
 * Level 2.8 Transmutations


You had 4 spell levels left.
You knew the following spells:

 Your Spells              Type           Power        Failure   Level  Hunger
a - Spider Form           Tmut/Pois      #.........   38%         3    ###....


Dungeon Overview and Level Annotations

Branches:
Dungeon (2/15)

Altars:


Innate Abilities, Weirdness & Mutations

You cannot wear most types of armour.
You are amphibious.
You can wear up to eight rings at the same time.
You can use your tentacles to constrict eight enemies at once.
Your skin changes colour to match your surroundings (Stealth+).
Your rubbery body absorbs attacks. (AC +1)
You evolve.


Message History

You fade into invisibility!
You constrict the adder.
* * * LOW HITPOINT WARNING * * *
You feel sick. The bat barely misses you. The adder closely misses you.
The hobgoblin barely misses you. The adder barely misses you.
You are very lightly contaminated with residual magic.
It was a potion of mutation.
You feel extremely strange.
Your vision blurs.
You feel nature experimenting on you.
Don't worry, failures die fast.
Your vision sharpens.
You constrict the adder. The bat barely misses you.
The adder barely misses you. The adder bites you.
* * * LOW HITPOINT WARNING * * *
The hobgoblin misses you. The adder closely misses you.
It was a potion of berserk rage.
A red film seems to cover your vision as you go berserk!
You feel yourself moving faster!
You feel mighty!
You constrict the adder.
You kill the adder!
You have reached level 4!
You die...

..<........#
#..........#
...........##
#.........)###
.............###
...............
.###.#.Sgb##....
.......@........ ..
............### ...
...............# #...
..............[##..#.
......).............
.................#..
#.####.....).......# #
#.####..............
#.##.##........).......


You could see an adder, a hobgoblin and a bat.

Vanquished Creatures
  2 adders (D:2)
  4 worms (D:2)
  A dart slug (D:1)
  3 bats (D:1)
  A giant cockroach (D:1)
  2 goblins (D:1)
  5 hobgoblins
  4 jackals
  2 quokkas (D:2)
  A ball python (D:1)
  3 giant newts
  A kobold (D:1)
  3 rats (D:1)
32 creatures vanquished.

Notes
Turn   | Place    | Note
--------------------------------------------------------------
     0 | D:1      | Ordine the Octopode Transmuter began the quest for the Orb.
     0 | D:1      | Reached XP level 1. HP: 13/13 MP: 3/3
    68 | D:1      | Reached skill level 1 in Stealth
   104 | D:1      | Reached skill level 2 in Stealth
   104 | D:1      | Reached XP level 2. HP: 18/18 MP: 5/5
   439 | D:1      | Reached skill level 3 in Stealth
   759 | D:2      | Reached XP level 3. HP: 13/23 MP: 6/6
  1032 | D:2      | Learned a level 3 spell: Spider Form
  1178 | D:2      | Reached skill level 4 in Stealth
  1577 | D:2      | Gained mutation: Scrolls take you a little longer to read. [potion of mutation]
  1577 | D:2      | Gained mutation: You evolve. [potion of mutation]
  1577 | D:2      | Lost mutation: Scrolls take you a little longer to read. [potion of mutation]
  1577 | D:2      | HP: 1/23 [adder (4)]
  1578 | D:2      | Reached XP level 4. HP: 1/28 MP: 7/7
  1578 | D:2      | Succumbed to an adder's poison

Vault maps used:
D:1:      dpeg_arrival_round_c
D:2:      minmay_misc_feat_pillars

Skill      XL: |  1  2  3 |
---------------+----------+-----
Stealth        | 2 3 4 |  4.4
Fighting       | |  1.0
Dodging        | |  2.0
Unarmed Combat | |  3.0
Spellcasting   | |  2.0
Transmutations | |  2.8

Action                   |  1- 3 |  4- 6 || total
-------------------------+-------+-------++-------
Melee: Unarmed           |    81 |       ||    81
       Constrict         |    18 |       ||    18
       Tentacles         |     8 |       ||     8
       Punch             |     1 |       ||     1
 Cast: Beastly Appendage |     1 |       ||     1
       Spider Form       |     3 |       ||     3
  Use: Scroll            |     2 |       ||     2
       Potion            |     4 |       ||     4
 Stab: Sleeping          |     6 |       ||     6
  Eat: Chunk             |     3 |       ||     3
Armor: Skin              |     3 |       ||     3
Dodge: Dodged            |    61 |       ||    61
